 Dungeon Crawl Stone Soup version 0.32-a0-893-gf85d74f360 (webtiles) character file.

Game seed: 4573237038555052181

341 croobank the Caller (level 6, -4/41 HPs)
             Began as a Human Summoner on Apr 3, 2024.
             Was a Follower of Kikubaaqudgha.
             Succumbed to Eustachio's poison
             ... on level 5 of the Dungeon.
             The game lasted 00:07:20 (4868 turns).

croobank the Caller (Human Summoner)                Turns: 4868, Time: 00:07:21

Health: -4/41      AC:  3    Str:  8    XL:     6   Next: 56%
Magic:  4/11       EV: 12    Int: 18    God:    Kikubaaqudgha [*.....]
Gold:   212        SH:  0    Dex: 13    Spells: 6/12 levels left

rFire   + . .        l - +1 dagger (elec)
rCold   . . .        (no shield)
rNeg    . . .        a - +0 robe
rPois   .            (no helmet)
rElec   .            (no cloak)
rCorr   .            (no gloves)
SInv    .            x - +0 pair of boots
Will    .....        (no amulet)
Stlth   ++           p - ring of protection from fire
HPRegen 0.26/turn    (no ring)
MPRegen 0.12/turn

%: no passive effects
@: lethally poisoned (-4 -> -30), inugami summoned
A: explore regen
a: Renounce Religion, Unearth Wretches


You were on level 5 of the Dungeon.
You worshipped Kikubaaqudgha.
Kikubaaqudgha was aware of your devotion.
You visited 1 branch of the dungeon, and saw 5 of its levels.

You collected 212 gold pieces.

Inventory:

Hand Weapons
 c - a +0 dagger
 f - a +0 short sword
 j - a +0 sling
 l - a +1 dagger of electrocution (weapon)
Missiles
 r - 11 poisoned darts
Armour
 a - a +0 robe (worn)
 h - a +0 leather armour
 x - a +0 pair of boots (worn)
Jewellery
 p - a ring of protection from fire (left hand)
Wands
 m - a wand of paralysis (10)
 w - a wand of polymorph (9)
Scrolls
 d - 3 scrolls of identify {unknown}
 e - a scroll of immolation {unknown}
 i - 3 scrolls of vulnerability {unknown}
 k - a scroll of noise {unknown}
 o - a scroll of blinking {unknown}
 t - a scroll of poison {unknown}
 v - a scroll of acquirement {unknown}
Potions
 b - a potion of magic
 g - 2 potions of cancellation {unknown}
 n - a potion of enlightenment {unknown}
 q - 2 potions of attraction {unknown}
 s - a potion of might {unknown}
 u - a potion of haste {unknown}


   Skills:
 + Level 3.7 Dodging
 + Level 4.0 Stealth
 + Level 3.5 Spellcasting
 + Level 5.1 Summonings


You had 6 spell levels left.
You knew the following spells:

 Your Spells              Type           Power      Damage    Failure   Level
a - Summon Small Mammal   Summ           84%        N/A       1%          1
b - Call Imp              Summ           42%        N/A       2%          2
c - Call Canine Familiar  Summ           21%        N/A       5%          3

Your spell library contained the following spells:

 Spells                   Type           Power      Damage    Failure   Level
 Kiss of Death            Conj/Necr      12%        2d6       16%         1
 Magic Dart               Conj           12%        1d3       16%         1
 Necrotise                Necr           12%        1d4       16%         1
 Blink                    Tloc           6%         N/A       24%         2
 Sublimation of Blood     Necr           3%         N/A       24%         2
 Summon Blazeheart Golem  Fire/Summ      12%        N/A       47%         4
 Summon Lightning Spire   Summ/Air       12%        N/A       47%         4
 Animate Dead             Necr           3%         N/A       83%         4


Dungeon Overview and Level Annotations

Branches:
Dungeon (5/15)
 Temple: D:4-7

Altars:
Kikubaaqudgha
Makhleb
Qazlal


Innate Abilities, Weirdness & Mutations

You regain HP and MP as you explore.


Message History

Eustachio the Magnificent comes into view.
He is wielding a +3 falchion of venom.
Found an escape hatch in the floor.
The helpless Eustachio fails to defend himself.
You puncture Eustachio! Lightning courses through Eustachio!
Eustachio is severely wounded.
Eustachio hits you with a +3 falchion of venom!
You are poisoned.
Casting: Call Canine Familiar (dangerous; 6% risk of failure)
Confirm with . or Enter, or press ? or * to list all spells.
You call for your canine familiar and it appears with a howl!
You feel very sick.
Eustachio casts a spell.
You feel very sick.
Your inugami hits Eustachio.
You swap places.
You feel sick.
Eustachio hits you with a +3 falchion of venom!
* * * LOW HITPOINT WARNING * * *
You are more poisoned.
Your inugami closely misses Eustachio.
Casting: Call Canine Familiar (dangerous; 6% risk of failure)
Confirm with . or Enter, or press ? or * to list all spells.
A tiny devil pulls itself out of the air.
Your cerulean imp says, "I'm here!"
* * * LOW HITPOINT WARNING * * *
You feel very sick.
The bat hits your inugami but does no damage.
Eustachio hits you with a +3 falchion of venom.
* * * LOW HITPOINT WARNING * * *
You are more poisoned.
Your inugami hits Eustachio.
Eustachio dies!
Kikubaaqudgha accepts your kill.
The bat disappears in a puff of smoke!
The rat disappears in a puff of smoke!
The river rat disappears in a puff of smoke!
Your Stealth skill increases to level 4!
Your Summonings skill increases to level 5!
You have reached level 6!
Okay, then.
You die...
Kikubaaqudgha rasps: You have failed me!
Welcome... death!

#.#.#.#...#
#.#.#.....#
#[#.......#
..#.......#
#.#....>..#
#.#.......#
#.#.5.....#.#.
#<#..§§§......
#.##.h@..#...
#...§#####
####.# ..#
#..# #..# #..#
.... .#


You could see a friendly cerulean imp (summoned) and a friendly inugami
(summoned).

Vanquished Creatures
  A sleepcap (D:4)
  An adder (D:4)
  A dart slug (D:1)
  2 ribbon worms
  An endoplasm (D:2)
  2 giant cockroaches
  2 goblins
  3 hobgoblins
  3 jackals
  4 kobolds (D:4)
  A quokka (D:4)
  A bat (D:2)
  3 frilled lizards
25 creatures vanquished.

Vanquished Creatures (collateral kills)
  Eustachio (D:5)
  Ijyb (D:4)
  An orc wizard (D:3)
  4 adders
  3 ribbon worms
  3 orcs (D:3)
  6 bats
  3 endoplasms
  3 giant cockroaches
  5 goblins
  2 hobgoblins
  2 jackals (D:4)
  3 kobolds
  3 quokkas
  3 ball pythons
  A frilled lizard (D:3)
44 creatures vanquished.

Grand Total: 69 creatures vanquished

Notes
Turn   | Place    | Note
-------+----------+-------------------------------------------
     0 | D:1      | croobank the Human Summoner began the quest for the Orb.
     0 | D:1      | Reached XP level 1. HP: 13/13 MP: 3/3
   499 | D:1      | Reached XP level 2. HP: 14/19 MP: 1/5
   747 | D:1      | Learned a level 2 spell: Call Imp
  1694 | D:2      | Reached XP level 3. HP: 24/24 MP: 3/6
  1698 | D:2      | Learned a level 3 spell: Call Canine Familiar
  1888 | D:2      | Found an ancient bone altar of Kikubaaqudgha.
  1894 | D:2      | Became a worshipper of Kikubaaqudgha
  2111 | D:2      | Reached XP level 4. HP: 21/30 MP: 1/7
  3091 | D:3      | Reached XP level 5. HP: 16/35 MP: 9/9
  3384 | D:3      | Found a stormy altar of Qazlal.
  3500 | D:3      | Reached * piety under Kikubaaqudgha
  3500 | D:3      | Received a gift from Kikubaaqudgha
  3681 | D:3      | Found a burning altar of Makhleb.
  4306 | D:4      | Noticed Ijyb
  4331 | D:4      | Killed Ijyb
  4856 | D:5      | Entered Level 5 of the Dungeon
  4859 | D:5      | Noticed Eustachio
  4867 | D:5      | HP: 1/35 [Eustachio/+3 falchion of venom (1)]
  4867 | D:5      | Killed Eustachio
  4868 | D:5      | Reached skill level 5 in Summonings
  4868 | D:5      | Reached XP level 6. HP: 2/41 MP: 4/11
  4868 | D:5      | Succumbed to Eustachio's poison

Illustrated notes

Levels and vault maps discovered:
D:1:      elethiomel_arrival_maze, layout_basic, hangedman_decor_clover_reticule
D:2:      layout_loops_corners, basic_altar, kennysheep_big_empty_room,
          minmay_misc_feat_diagonals, nicolae_wormholes
D:3:      layout_loops_ring, bloody_makhleb, mainiacjoe_overflow_alcove_1,
          minmay_misc_feat_doors, nicolae_kite_square_tiling_tiny,
          nicolae_titane
D:4:      layout_loops_ring, uniq_ijyb
D:5:      lemuel_castle_with_subvaults [lemuel_castle_interior_carwin_2],
          layout_basic, evilmike_ruin_ashenzari, marbit_many_paths,
          minmay_temple_entry_mini_moons, serial_shops,
          nicolae_shop_just_a_little_nook, uniq_pikel, uniq_grinder,
          uniq_eustachio

Skill      XL: |  1  2  3  4  5 |
---------------+----------------+-----
Stealth        | 3 4 |  4.0
Dodging        | 3 |  3.7
Spellcasting   | 3 |  3.5
Summonings     | 5 |  5.1

Action                     |  1- 3 |  4- 6 || total
---------------------------+-------+-------++-------
  Melee: Dagger            |    43 |    53 ||    96
   Cast: Summon Small Mamm |    27 |    12 ||    39
         Call Imp          |    13 |    10 ||    23
         Call Canine Famil |     2 |    11 ||    13
   Stab: Sleeping          |     2 |     7 ||     9
         Distracted        |       |     1 ||     1
 Armour: Robe              |    23 |    32 ||    55
  Dodge: Dodged            |    35 |    32 ||    67

Table legend: (Time is in decaauts)
 A = Elapsed time spent in this place.
 B = Non-inter-level travel time spent in this place.
 C = Inter-level travel time spent in this place.
 D = Time resting spent in this place.
 E = Time spent auto-exploring this place.
 F = Levels seen in this place.
 G = Mean time per level.
                   A        B        C        D        E       F      G
               +--------+--------+--------+--------+--------+-----+--------+
         Total |   4866 |   4740 |    126 |    911 |   3060 |   5 |  973.2 |
       Dungeon |   4866 |   4740 |    126 |    911 |   3060 |   5 |  973.2 |
               +--------+--------+--------+--------+--------+-----+--------+

Top non-repeatable levels by time:
     D:1: 1631 daAuts
     D:2: 1291 daAuts
     D:3: 979 daAuts
     D:4: 952 daAuts
     D:5: 11 daAuts
